 Dungeon Crawl Stone Soup version 0.31.0-12-g77e489cdc1 (webtiles) character file.

Game seed: 10323761779376849760

786 Killerpretzel the Changeling (level 7, 0/47 HPs)
             Began as an Octopode Shapeshifter on Mar 2, 2024.
             Slain by a yak (7 damage)
             ... on level 8 of the Dungeon.
             The game lasted 00:05:35 (4988 turns).

Killerpretzel the Changeling (OpSh)                 Turns: 4988, Time: 00:05:35

Health: 0/47       AC:  1    Str: 19    XL:     7   Next: 86%
Magic:  7/7        EV: 14    Int: 18    God:
Gold:   148        SH:  0    Dex: 14    Spells: 6/6 levels left

rFire   . .          .
                       - Unarmed
rCold   . . .        (no shield)
rNeg    . . .        (helmet currently unavailable)
rPois   .            (no amulet)
rElec   .            g - ring of flight
rCorr   .            e - +6 ring of strength
SInv    .            i - +6 ring of intelligence
Will    .....        (no ring)
Stlth   +++          (no ring)
HPRegen 0.27/turn    (no ring)
MPRegen 0.10/turn    (no ring)
                     (no ring)

%: no passive effects
@: beast-form, flying
A: beast (slay +3), almost no armour, amphibious, 8 rings, camouflage 1,
gelatinous body 1, nimble swimmer 1, tentacles
a: Begin Untransformation


You were on level 8 of the Dungeon.
You were a hulking beast.
You visited 2 branches of the dungeon, and saw 8 of its levels.

You collected 148 gold pieces.

Inventory:

Jewellery
 e - a +6 ring of strength (right tentacle)
 g - a ring of flight (left tentacle)
 i - a +6 ring of intelligence (on tentacle)
Talismans
 b - a beast talisman
 c - a flux talisman
Potions
 a - a potion of lignification
 d - a potion of might
 f - a potion of haste
 h - 2 potions of brilliance
 j - 2 potions of magic
 k - 2 potions of mutation
 m - a potion of curing


   Skills:
 + Level 3.7 Fighting
 + Level 4.1 Dodging
 + Level 4.8 Unarmed Combat
 * Level 5.7 Shapeshifting


You had 6 spell levels left.
You didn't know any spells.
Your spell library contained the following spells:

 Spells                   Type           Power      Damage    Failure   Level
 Shock                    Conj/Air       0%         1d3       22%         1
 Swiftness                Air            0%         N/A       54%         3
 Volatile Blastmotes      Fire/Tloc      0%         2d10      54%         3
 Airstrike                Air            0%         2d(0-16)  91%         4
 Fulminant Prism          Conj/Alch      0%         3d5       91%         4
 Iskenderun's Mystic Bla  Conj/Tloc      0%         2d3       91%         4


Dungeon Overview and Level Annotations

Branches:
Dungeon (9/15)             Temple (1/1) D:4
   Lair: D:8-11         Orc: D:9-12

Altars:
Dithmenos
Hepliaklqana
Kikubaaqudgha
Okawaru
Qazlal
Sif Muna
Trog
Uskayaw
Wu Jian
Xom
Yredelemnul
Zin
The Shining One

Shops:
D:3 (

Annotations:
D:8 exclusion: wyvern, Psyche
D:9 exclusion: hornet


Innate Abilities, Weirdness & Mutations

You are a hulking beast.
Your limbs bulge with bestial killing power. (Slay +3)
You cannot wear most types of armour.
You are amphibious.
You can wear up to eight rings at the same time.
Your skin changes colour to match your surroundings (Stealth+).
Your rubbery body absorbs attacks. (AC +1, EV +1)
You are camouflaged when in or above water. (Stealth+)
You have tentacles for arms and can constrict up to eight enemies at once.


Message History

You are too injured to fight recklessly!
You are too injured to fight recklessly!
You are too injured to fight recklessly!
You are too injured to fight recklessly!
You are too injured to fight recklessly!
You are too injured to fight recklessly!
You are too injured to fight recklessly!
You are too injured to fight recklessly!
You are too injured to fight recklessly!
You are too injured to fight recklessly!
There are monsters nearby!
The yak's inner flame fades away. x2
The yak's inner flame fades away.
The yak snorts and paws the water.
The yak's inner flame fades away.
The yak's inner flame fades away.
An orc comes into view. It is wielding a +0 hand axe.
The yak snorts and paws the ground.
An orc comes into view. It is wielding a +0 club.
The orc shouts!
The orc throws a boomerang.
The boomerang closely misses you.
The orc throws a boomerang.
The boomerang hits you.
* * * LOW HITPOINT WARNING * * *
The orc throws a boomerang.
The boomerang misses you.
The yak snorts and paws the ground.
The orc hits you with a +0 club.
* * * LOW HITPOINT WARNING * * *
An orc priest comes into view. It is wielding a +0 hand axe.
The yak barely misses you.
You tentacle-slap the orc. You grab the orc.
The orc is moderately wounded.
You constrict the orc.
The orc priest looks braver for a moment.
The orc hits you with a +0 club.
* * * LOW HITPOINT WARNING * * *
The yak misses you.
You tentacle-slap the orc.
You kill the orc!
The yak gores you!
You die...

... #..........###..##
...## #...........##..##
#...##....####...###.##
#.............#..##.[#
###..Y..≈...............
.....oY≈≈≈~.......###..>
#...YYY≈≈≈≈~.....## ##..
.#...Y≈†≈≈≈......####..#
......Yh≈≈≈.......##..##
......Y≈≈≈........#..##
........≈Y..........###
........≈........#....##
........Y........#......
...####'''####.........#
.o. ....~.+ #.......###
.. ####.~.# #......##
..~.. #..[..##


You could see 10 yaks, an orc priest and an orc.

Vanquished Creatures
  A bullfrog (D:8)
  A scorpion (D:4)
  3 wights (D:8)
  A gnoll bouda (D:8)
  2 hounds (D:3)
  An orc priest (D:5)
  Jessica (D:2)
  Terence (D:2)
  An iguana (D:5)
  10 gnolls
  11 adders
  5 dart slugs
  2 ribbon worms
  6 orcs
  4 endoplasms
  4 giant cockroaches
  14 hobgoblins
  A jackal (D:4)
  11 kobolds
  4 quokkas
  7 ball pythons
  6 bats
  3 frilled lizards
  7 goblins
  9 rats
116 creatures vanquished.

Notes
Turn   | Place    | Note
-------+----------+-------------------------------------------
     0 | D:1      | Killerpretzel the Octopode Shapeshifter began the quest for
                  | the Orb.
     0 | D:1      | Reached XP level 1. HP: 13/13 MP: 1/1
    29 | D:1      | Reached XP level 2. HP: 10/18 MP: 2/2
   311 | D:1      | Reached XP level 3. HP: 23/23 MP: 3/3
  1006 | D:2      | Noticed Jessica
  1008 | D:2      | Killed Jessica
  1009 | D:2      | Reached XP level 4. HP: 29/29 MP: 4/4
  1071 | D:2      | Reached skill level 4 in Shapeshifting
  1075 | D:2      | Reached XP level 5. HP: 20/34 MP: 5/5
  1583 | D:2      | Noticed Terence
  1589 | D:2      | Killed Terence
  1944 | D:3      | Reached XP level 6. HP: 40/41 MP: 6/6
  2216 | D:3      | Found Suinn's Antique Weapon Boutique.
  2229 | D:3      | Found a bloodstained altar of Trog.
  3097 | D:4      | Found a staircase to the Ecumenical Temple.
  3107 | Temple   | Entered the Ecumenical Temple
  3510 | D:4      | Identified the +3 leather armour of the Leaf {Rampage *Slow
                  | Fly rPois}
  3532 | D:4      | Found a basalt altar of Yredelemnul.
  4042 | D:5      | Entered Level 5 of the Dungeon
  4052 | D:5      | Reached skill level 5 in Shapeshifting
  4064 | D:5      | Reached XP level 7. HP: 17/46 MP: 7/7
  4223 | D:5      | You are sucked into a shaft and drop 3 floors!
  4356 | D:9      | Found a hazy altar of Hepliaklqana.
  4377 | D:9      | Noticed a hornet
  4610 | D:8      | Noticed a wyvern
  4708 | D:8      | Found a glowing golden altar of the Shining One.
  4717 | D:8      | Noticed Psyche
  4928 | D:8      | Noticed a yak
  4928 | D:8      | Noticed a yak
  4928 | D:8      | Noticed a yak
  4930 | D:8      | Noticed a yak
  4940 | D:8      | Noticed a yak
  4940 | D:8      | Noticed a yak
  4942 | D:8      | Noticed a yak
  4943 | D:8      | Noticed a yak
  4944 | D:8      | Noticed a yak
  4946 | D:8      | Noticed a yak
  4988 | D:8      | Slain by a yak

Illustrated notes

Levels and vault maps discovered:
D:1:      dpeg_arrival_tiny_a, layout_loops_ring
D:2:      layout_basic, uniq_terence, uniq_jessica
D:3:      minmay_skewed_foursquare, layout_loops_ring,
          mainiacjoe_overflow_paths, serial_co_window_serial,
          co_window_of_opportunity_a, co_window_paths_a, co_window_paths_a,
          co_window_cross_1, co_window_paths_a, co_window_2corner,
          co_window_corner_cb, co_window_2corner, co_window_unsneaky_path_d,
          co_window_paths_c, glass_columns_a, glass_columns_b, glass_columns_a,
          serial_shops, nicolae_shop_tiny_statue_garden
D:4:      minmay_clustersquares, layout_basic, mainiacjoe_overflow_alcove_2,
          minmay_temple_entry_glass, serial_library_hellmonk_open_square,
          grunt_ministairs_12
D:5:      layout_basic, portal_sewer_entry_b, uniq_sigmund, uniq_pikel,
          uniq_edmund, uniq_eustachio
D:8:      argonaut_augean_stables, layout_layer_cave,
          grunt_temple_overflow_lords_of_destruction,
          nicolae_elyvilon_peaceful_grove, lemuel_doored_altar,
          mainiacjoe_overflow_tiny_flanked, uniq_psyche, uniq_amaemon
D:9:      layout_roguey, ashenzari_altar_1, mainiacjoe_overflow_boulevard
Temple:   grunt_temple_mini_profane

Skill      XL: |  1  2  3  4  5  6  7 |
---------------+----------------------+-----
Fighting       | 2 3 |  3.7
Shapeshifting  | 4 5 |  5.7
Dodging        | 3 4 |  4.1
Unarmed Combat | 4 |  4.8

Action                     |  1- 3 |  4- 6 |  7- 9 || total
---------------------------+-------+-------+-------++-------
  Melee: Unarmed           |    63 |   129 |    38 ||   230
         Constrict         |    19 |    38 |    13 ||    70
         Tentacles         |    14 |    28 |    10 ||    52
         Punch             |     3 |     4 |     3 ||    10
    Use: Scroll            |     4 |     6 |     3 ||    13
   Stab: Sleeping          |     5 |    10 |       ||    15
 Armour: Skin              |    23 |    52 |    25 ||   100
  Dodge: Dodged            |    36 |    81 |    26 ||   143
